 Dungeon Crawl Stone Soup version 0.29-a0-872-g797fff5ad1 (webtiles) character file.

Game seed: 4215622853905934199

355 jrickds the Vexing (level 6, -7/28 HPs)
             Began as a Spriggan Enchanter on July 18, 2022.
             Mangled by Prince Ribbit (11 damage)
             ... on level 5 of the Dungeon.
             The game lasted 00:07:04 (6177 turns).

jrickds the Vexing (Spriggan Enchanter)             Turns: 6177, Time: 00:07:05

Health: -7/28      AC:  2    Str:  6    XL:     6   Next: 36%
Magic:  8/16       EV: 17    Int: 16    God:
Gold:   242        SH:  0    Dex: 16    Spells: 9/17 levels left

rFire   . . .      SeeInvis +   a - +2 dagger (freeze)
rCold   . . .      Faith    .   (no shield)
rNeg    . . .      Spirit   .   b - +0 robe
rPois   .          Reflect  .   (helmet restricted)
rElec   .          Harm     .   (no cloak)
rCorr   .          Rampage  .   (gloves unavailable)
Will    +....                   (boots unavailable)
Stlth   +++.......              (no amulet)
HPRegen 0.09/turn               (no ring)
MPRegen 0.15/turn               (no ring)

@: confusing by touch, very quick
A: very small, no large weapons, unfitting armour, see invisible, speed 3
a: no special abilities


You were on level 5 of the Dungeon.
You visited 2 branches of the dungeon, and saw 6 of its levels.

You collected 242 gold pieces.

Inventory:

Hand Weapons
 a - a +2 dagger of freezing (weapon)
Armour
 b - a +0 robe (worn)
Wands
 j - a wand of mindburst (18)
Scrolls
 d - 3 scrolls of teleportation
Potions
 c - 2 potions of invisibility
 e - 2 potions of magic
 f - 5 potions of curing
 g - a potion of cancellation {unknown}
 h - 3 potions of flight
 i - a potion of resistance {unknown}


   Skills:
 - Level 1.1 Short Blades
 - Level 2.6 Dodging
 - Level 4.4 Stealth
 + Level 6.1 Spellcasting
 + Level 6.6 Hexes


You had 9 spell levels left.
You knew the following spells:

 Your Spells              Type           Power      Damage    Failure   Level
a - Ensorcelled Hibernat  Hex/Ice        30%        N/A       5%          2
b - Tukima's Dance        Hex            26%        N/A       2%          3
d - Confusing Touch       Hex            26%        N/A       2%          3

Your spell library contained the following spells:

 Spells                   Type           Power      Damage    Failure   Level
 Dazzling Flash           Conj/Hex       30%        N/A       11%         3
 Portal Projectile        Hex/Tloc       30%        N/A       11%         3
 Conjure Flame            Conj/Fire      4%         6-21      38%         3
 Ignite Poison            Fire/Tmut/Pois 4%         N/A       38%         3
 Sticky Flame             Conj/Fire      4%         2d3       80%         4
 Blade Hands              Tmut           2%         N/A       98%         5
 Fireball                 Conj/Fire      2%         3d4       98%         5
 Starburst                Conj/Fire      2%         6d3       100%        6
 Ignition                 Fire           2%         3d3       100%        8


Dungeon Overview and Level Annotations

Branches:
Dungeon (5/15)             Temple (1/1) D:5

Altars:
Ashenzari
Cheibriados
Elyvilon
Fedhas
Gozag
Hepliaklqana
Kikubaaqudgha
Nemelex Xobeh
Qazlal
Ru
Sif Muna
Trog
Uskayaw
Vehumet
Wu Jian
Xom
Yredelemnul
Zin

Shops:
D:2 :

Annotations:
D:3 3 runed translucent doors, Malachi's ghost, amateur DjWn; Malachi's ghost, amateur GnHu; capka3m's ghost, amateur DEEE; ertgterg's ghost, weakling FeEn; hackon's ghost, amateur HOMo
D:5 Prince Ribbit


Innate Abilities, Weirdness & Mutations

You are very small and have problems with some larger weapons.
You are too small for most types of armour.
You have supernaturally acute eyesight. (SInv)
You cover ground extremely quickly. (Speed+++)


Message History

Confirm with . or Enter, or press ? or * to list all spells.
Your hands begin to glow red.
You closely miss Prince Ribbit. Prince Ribbit hits you.
Prince Ribbit completely misses you.
You closely miss Prince Ribbit. Prince Ribbit barely misses you.
You miss Prince Ribbit. Prince Ribbit hits you!
Ouch! That really hurt!
* * * LOW HITPOINT WARNING * * *
You are too injured to fight recklessly!
You are too injured to fight recklessly!
You are too injured to fight recklessly!
You are too injured to fight recklessly!
You are too injured to fight recklessly!
Casting: Confusing Touch (dangerous; 2% risk of failure)
Confirm with . or Enter, or press ? or * to list all spells.
Aiming: Ensorcelled Hibernation (safe; 5% risk of failure)
Press: ? - help, Shift-Dir - straight line, f - Prince Ribbit
Aim: Prince Ribbit (chance to confuse on hit: 39%, chance to affect: 31%) Prince Ribbit easily resists.
Prince Ribbit hits you.
* * * LOW HITPOINT WARNING * * *
Prince Ribbit completely misses you.
Unknown command.
Casting: Ensorcelled Hibernation (safe; 5% risk of failure)
Confirm with . or Enter, or press ? or * to list all spells.
Aiming: Ensorcelled Hibernation (safe; 5% risk of failure)
Press: ? - help, Shift-Dir - straight line, f/p - Prince Ribbit
Aim: Prince Ribbit (chance to confuse on hit: 39%, chance to affect: 31%) Prince Ribbit easily resists.
Prince Ribbit blinks!
Unknown command.
Casting: Ensorcelled Hibernation (safe; 5% risk of failure)
Confirm with . or Enter, or press ? or * to list all spells.
Aiming: Ensorcelled Hibernation (safe; 5% risk of failure)
Press: ? - help, Shift-Dir - straight line, f/p - Prince Ribbit
Aim: Prince Ribbit (chance to confuse on hit: 39%, chance to affect: 31%) Prince Ribbit looks drowsy...
Unknown command.
Prince Ribbit gives a loud, deep croak!
Prince Ribbit lets out a mournful croak.
Prince Ribbit hits you!
You die...

..# ###.# ..# #.# ..#
##'## ## ### ##...## .#
## ##...).## .#
.###.......## ##.##
.##.........####...#####
..+.........+....F......
.##......<..# #@..#
.###....)..## #..## .#
##.....## #.## .#
##....# #.# ## ##+#.##
#.# #######.#..## #.#
.>..........# #.#
##..#.....#..###.#
#..##.....##.....#


You could see Prince Ribbit.

Vanquished Creatures
  A scorpion (D:4)
  A jelly (D:4)
  A gnoll bouda (D:5)
  Natasha (thrice) (D:2)
  2 gnolls (D:5)
  4 adders
  3 worms
  5 dart slugs
  6 orcs
  6 ball pythons
  An endoplasm (D:1)
  A giant cockroach (D:1)
  7 goblins
  5 hobgoblins
  2 jackals (D:2)
  5 kobolds
  5 quokkas
  7 bats
  7 frilled lizards
  12 rats
84 creatures vanquished.

Vanquished Creatures (collateral kills)
  A gnoll (D:5)
1 creature vanquished.

Vanquished Creatures (others)
  A dancing weapon (D:5)
1 creature vanquished.

Grand Total: 86 creatures vanquished

Notes
Turn   | Place    | Note
-------+----------+-------------------------------------------
     0 | D:1      | jrickds the Spriggan Enchanter began the quest for the Orb.
     0 | D:1      | Reached XP level 1. HP: 9/9 MP: 5/5
    74 | D:1      | Reached XP level 2. HP: 10/13 MP: 7/7
    77 | D:1      | Learned a level 2 spell: Ensorcelled Hibernation
  1086 | D:1      | Found a faded altar of an unknown god.
  1185 | D:2      | Noticed Natasha
  1198 | D:2      | Killed Natasha
  1199 | D:2      | Reached XP level 3. HP: 10/16 MP: 1/9
  1203 | D:2      | Learned a level 3 spell: Tukima's Dance
  1207 | D:2      | Learned a level 3 spell: Confusing Touch
  1360 | D:2      | Found Sanwoil's Book Boutique.
  1697 | D:2      | Noticed Natasha
  1705 | D:2      | Killed Natasha
  1706 | D:2      | Reached skill level 5 in Hexes
  1706 | D:2      | Reached XP level 4. HP: 14/21 MP: 1/11
  1749 | D:2      | Noticed Natasha
  1755 | D:2      | Killed Natasha
  2886 | D:3      | Reached XP level 5. HP: 16/24 MP: 13/13
  3288 | D:3      | Reached skill level 5 in Spellcasting
  3428 | D:3      | Found a runed translucent gate.
  3429 | D:3      | Found a runed translucent gate.
  3429 | D:3      | Found a runed translucent gate.
  3430 | D:3      | Noticed ertgterg's ghost (weakling FeEn)
  3431 | D:3      | Noticed Malachi's ghost (amateur DjWn)
  3431 | D:3      | Noticed capka3m's ghost (amateur DEEE)
  3431 | D:3      | Noticed hackon's ghost (amateur HOMo)
  3431 | D:3      | Noticed Malachi's ghost (amateur GnHu)
  3651 | D:3      | Noticed a moth of wrath
  3654 | D:3      | Found a bloodstained altar of Trog.
  4549 | D:4      | Found a large runed translucent door.
  4551 | D:4      | Found a large runed translucent door.
  5097 | D:4      | Found a snail-covered altar of Cheibriados.
  5123 | D:4      | Reached XP level 6. HP: 10/28 MP: 15/15
  5386 | D:4      | Found a shimmering altar of Xom.
  5397 | D:4      | Found an opulent altar of Gozag.
  5428 | D:5      | Entered Level 5 of the Dungeon
  5931 | D:5      | Found a staircase to the Ecumenical Temple.
  5951 | Temple   | Entered the Ecumenical Temple
  6167 | D:5      | Noticed Prince Ribbit
  6177 | D:5      | Mangled by Prince Ribbit

Illustrated notes

Levels and vault maps discovered:
D:1:      heliophobic_arrival_battle_scene, layout_rooms,
          basic_ecumenical_altar, minmay_hexomino_u4
D:2:      layout_loops_corners, serial_shops, nicolae_square_shop, uniq_natasha
D:3:      layout_rooms, tgw_trog, gammafunk_ghost_cemetery
D:4:      layout_loops_corners, jmf_multi_god_temple2, cheibrodos_worm_habitat
D:5:      layout_loops_corners, minmay_temple_entry_waves, serial_shops,
          nicolae_lakefront_shop, hangedman_decor_peaks_small,
          uniq_prince_ribbit1
Temple:   eino_narrow_crystal_temple

Skill      XL: |  1  2  3  4  5  6 |
---------------+-------------------+-----
Spellcasting   | 3 4 5 6 |  6.1
Hexes          | 4 5 6 |  6.6
Short Blades   | |  1.1
Dodging        | |  2.6
Stealth        | |  4.4

Action                   |  1- 3 |  4- 6 || total
-------------------------+-------+-------++-------
Melee: Dagger            |    97 |   160 ||   257
 Cast: Ensorcelled Hiber |     7 |    22 ||    29
       Tukima's Dance    |       |     5 ||     5
       Confusing Touch   |       |     1 ||     1
  Use: Scroll            |     5 |     4 ||     9
 Stab: Sleeping          |     5 |    18 ||    23
       Distracted        |       |     1 ||     1
Armor: Robe              |     9 |    21 ||    30
Dodge: Dodged            |    56 |   144 ||   200

Table legend: (Time is in decaauts)
 A = Elapsed time spent in this place.
 B = Non-inter-level travel time spent in this place.
 C = Inter-level travel time spent in this place.
 D = Time resting spent in this place.
 E = Time spent auto-exploring this place.
 F = Levels seen in this place.
 G = Mean time per level.
                   A        B        C        D        E       F      G
               +--------+--------+--------+--------+--------+-----+--------+
         Total |   4944 |   4848 |     96 |    934 |   3269 |   6 |  824.0 |
       Dungeon |   4829 |   4741 |     88 |    934 |   3166 |   5 |  965.8 |
        Temple |    115 |    107 |      8 |      0 |    102 |   1 |  115.0 |
               +--------+--------+--------+--------+--------+-----+--------+

Top non-repeatable levels by time:
     D:2: 1735 daAuts
     D:4: 1023 daAuts
     D:1: 932 daAuts
     D:3: 832 daAuts
     D:5: 305 daAuts
  Temple: 115 daAuts
